 Dungeon Crawl Stone Soup version 0.30-b1-2-g02819fbbbe (webtiles) character file.

Game seed: 6190945056123508989

504235 LLlMATKO the Hoplite (level 24, -7/349 HPs)
             Began as a Minotaur Berserker on Aug 31, 2023.
             Was a High Priest of Trog.
             Mangled by a vault warden
             ... wielding a +3 long sword
              (25 damage)
             ... on level 5 of the Vaults.
             The game lasted 01:23:34 (51431 turns).

LLlMATKO the Hoplite (Minotaur Berserker)          Turns: 51431, Time: 01:23:35

Health: -7/349     AC: 30    Str: 41      XL:     24   Next: 11%
Magic:  19/19      EV: 16    Int:  5 (6)  God:    Trog [*****.]
Gold:   4398       SH: 23    Dex: 10      Spells: 23/23 levels left

rFire   x . .        L - +6 hand axe "Ythosh" {heavy, Str+3}
rCold   + . .        o - +2 kite shield {reflect}
rNeg    + + .        P - +0 plate armour {rPois}
rPois   +            e - +3 crown of Dyrovepreva {rElec Int+2 SInv}
rElec   +            u - +1 cloak of Leycreorch {Regen+ Str+6}
rCorr   .            j - +0 pair of gloves "Ziodah" {-Cast rPois rN++ Slay+2}
SInv    +            B - +0 pair of boots {Fly}
Will    ++...        E - amulet of reflection Stlth
                     r - ring of protection from cold
HPRegen 1.58/turn    h - ring of willpower
MPRegen 0.16/turn

%: no spellcasting, reflection
@: berserking, flying, studying Evocations, very quick
A: horns 2, retaliatory headbutt, clumsy 1, deterioration 1, low MP 1, heat
vulnerability 1
}: 2/15 runes: decaying, gossamer
a: Renounce Religion, Berserk, Trog's Hand, Brothers in Arms


You were on level 5 of the Vaults.
You worshipped Trog.
Trog was extremely pleased with you.
You visited 7 branches of the dungeon, and saw 38 of its levels.
You visited the Abyss 3 times.
You visited 1 bazaar.
You also visited: Bailey, Gauntlet and Ice Cave.

You collected 7019 gold pieces.
You spent 2621 gold pieces at shops.

Inventory:

Hand Weapons
 A - the +2 broad axe of Balance {drain, rC++}
   (You took it off a minotaur in a Gauntlet)

   rC:        It greatly protects you from cold.
 L - the +6 hand axe "Ythosh" (weapon) {heavy, Str+3}
   (You took it off an orc priest on level 2 of the Orcish Mines)

   Str:       It affects your strength (+3).
 X - a +5 hand axe of flaming
 Y - a +2 antimagic broad axe
Missiles
 v - 26 poisoned darts (quivered)
 C - 8 throwing nets
Armour
 e - the +3 crown of Dyrovepreva (worn) {rElec Int+2 SInv}
   (You found it in a bailey)

   Int:       It affects your intelligence (+2).
   rElec:     It insulates you from electricity.
   SInv:      It lets you see invisible.
 f - the +0 mask of the Dragon {Will+ Slay+3 SInv}
   (You found it in a bailey)

   Slay:      It affects your accuracy & damage with ranged weapons and melee
   (+3).
   SInv:      It lets you see invisible.
   Will:      It increases your willpower.
 j - the +0 pair of gloves "Ziodah" (worn) {-Cast rPois rN++ Slay+2}
   (You acquired it on level 4 of the Swamp)

   Slay:      It affects your accuracy & damage with ranged weapons and melee
   (+2).
   rPois:     It protects you from poison.
   rN:        It greatly protects you from negative energy.
   -Cast:     It prevents spellcasting.
 o - a +2 kite shield of reflection (worn)
 u - the +1 cloak of Leycreorch (worn) {Regen+ Str+6}
   (You found it on level 15 of the Dungeon)

   Str:       It affects your strength (+6).
   Regen:     It increases your rate of health regeneration.
 B - a +0 pair of boots of flying (worn)
 P - a +0 plate armour of poison resistance (worn)
Jewellery
 a - a ring of protection from cold
 h - a ring of willpower (right hand)
 p - the ring of Veiddeoh {rC++ Will- Dex+3 SInv}
   (You found it on level 11 of the Dungeon)

   [ring of see invisible]

   Dex:       It affects your dexterity (+3).
   rC:        It greatly protects you from cold.
   SInv:      It lets you see invisible.
   Will:      It decreases your willpower.
 r - a ring of protection from cold (left hand)
 D - a +6 ring of strength
 E - an amulet of reflection (around neck)
 H - a ring of protection from fire
 K - a ring of ice
 O - a ring of fire
 R - a ring of protection from cold
 T - the amulet "Nituligadgh" {Reflect Rampage rCorr Str-2 SH+5 Stlth+}
   (You took it off a deep elf death mage on level 3 of the Elven Halls)

   [amulet of reflection]

   It reflects blocked missile attacks.
   Str:       It affects your strength (-2).
   rCorr:     It protects you from acid and corrosion.
   SH:        It affects your SH (+5).
   Rampage:   It bestows one free step when moving towards enemies.
   Stlth:     It makes you more stealthy.
 V - the ring "Noacwaot" {Int+3 SInv}
   (You took it off a deep elf elementalist on level 3 of the Elven Halls)

   [ring of see invisible]

   Int:       It affects your intelligence (+3).
   SInv:      It lets you see invisible.
 W - a ring of protection from cold
Wands
 s - a wand of polymorph (29)
 x - a wand of quicksilver (11)
 y - a wand of mindburst (38)
 F - a wand of flame (104)
 G - a wand of roots (46)
 M - a wand of charming (42)
 Z - a wand of digging (8)
Scrolls
 c - 4 scrolls of enchant armour
 g - 6 scrolls of enchant weapon
 m - 25 scrolls of identify
 n - a scroll of silence
 q - 2 scrolls of butterflies
 z - 2 scrolls of blinking
 J - 21 scrolls of teleportation
 S - a scroll of fog
 U - 7 scrolls of fear
Potions
 b - a potion of magic
 d - 10 potions of might
 i - 14 potions of curing
 k - 4 potions of cancellation
 l - 9 potions of flight
 t - 10 potions of invisibility
 w - 12 potions of heal wounds
 I - 6 potions of resistance
 Q - 8 potions of haste
Miscellaneous
 N - a lightning rod (4/4)


   Skills:
 + Level 22.7 Fighting
 + Level 22.8 Axes
 + Level 22.6 Armour
 + Level 21.2 Dodging
 + Level 24.1 Shields
 - Level 10.0 Evocations


You had 23 spell levels left.
You didn't know any spells.
Your spell library was empty.

Dungeon Overview and Level Annotations

Branches:
Dungeon (15/15)            Temple (0/1) D:5            Lair (5/5) D:10
  Swamp (4/4) Lair:2       Spider (4/4) Lair:2        Slime (0/5) Lair:4
    Orc (2/2) D:11            Elf (3/3) Orc:2        Vaults (5/5) D:14
  Crypt (0/3) Vaults:3     Depths (0/4) D:15         Bailey (visited)
  IceCv (visited)         Gauntlet (visited)

Altars:
Ashenzari
Elyvilon
Kikubaaqudgha
Qazlal
Trog
Vehumet
Wu Jian
Xom
Yredelemnul

Shops:
D:2 =   D:5 :?   D:12 :!   Orc:1 [   Orc:2 [[[*   Elf:3 !   Vaults:1 *
Vaults:3 *   Vaults:4 !

Portals:
Abyss: Lair:1
Trove: D:14 (give 13 potions of heal wounds)

Annotations:
D:3 1 runed translucent door, diceflayer's ghost, amateur DsHu
Lair:1 2 transporters, Termiter's ghost, journeyman DsNe


Innate Abilities, Weirdness & Mutations

You have a pair of horns on your head.
You reflexively headbutt those who attack you in melee.
You are clumsy. (Dex -2)
Your body sometimes deteriorates upon taking damage.
Your magical capacity is low. (-10% MP)
You are vulnerable to heat. (rF-)


Message History

The vault warden blocks your attack.
You hit the vault warden but do no damage.
You hit the vault warden. You headbutt the vault warden!!
The vault warden is almost dead.
You slash the deep elf high priest! You slash the vault warden!
You block the vault warden's attack.
The vault warden drinks a potion.
The vault warden seems to speed up.
The deep elf high priest hits you with a +0 scimitar!
* * * LOW HITPOINT WARNING * * *
The vault warden blocks your attack.
Your headbutt misses the vault warden.
The vault warden is almost dead.
You barely miss the deep elf high priest.
You barely miss the vault warden. The vault warden barely misses you.
Unknown command.
You slash the vault warden! You headbutt the vault warden!!
The vault warden is severely wounded.
You slash the deep elf high priest!
You kill the deep elf high priest!
Trog accepts your kill.
You slice the vault warden!!
You kill the vault warden!
Trog accepts your kill.
Trog appreciates your killing of a magic user.
The runic seal fades away.
The vault warden activates a sealing rune.
The vault warden hits you with a +1 great sword!
* * * LOW HITPOINT WARNING * * *
You closely miss the vault warden.
The vault warden is severely wounded.
Unknown command.
You cut the vault warden into ribbons!!!
You kill the vault warden!
Trog accepts your kill.
Trog appreciates your killing of a magic user.
You slice the vault warden!!
Unknown command.
You hit the vault warden.
The vault warden is moderately wounded.
The vault warden hits you with a +3 long sword!!
You die...

......)[.........................
..[[<<)((........................
..[<[.<(.).......................
..[[<<[)........................[
#.......)#######################.
.......).............. ........
..#....#..........# ........
..#....#.......)).# ........
..#....#..#####)@.# .#####..
#.#....#..# #p).# # #..
#.#....#..# #...#####...' #..
#.#....#..# #.....).....# #..
#.#....#..# #...........# #..
#....#..........##+##.... ...
#....# .......# ..# ... ...
#....# ........# ..# . #....#
........# .[#


You could see a vault warden (empowered).

Vanquished Creatures
  Mara (Vaults:4)
  Margery (Vaults:4)
  2 bone dragons
  4 tentacled monstrosities
  A lich (Abyss:2)
  2 deep elf blademasters (Elf:3)
  3 quicksilver dragons (Vaults:5)
  Frances (D:12)
  4 titans (Vaults:5)
  2 deep elf master archers (Elf:3)
  2 tentacled starspawn (Abyss:2)
  3 sphinxes
  2 shadow dragons
  4 thorn hunters (Swamp:4)
  5 tengu reavers
  Donald (Spider:1)
  5 emperor scorpions
  A fire giant (Vaults:5)
  Aizul (Swamp:3)
  5 frost giants
  20 vault wardens
  9 deep elf sorcerers
  7 deep elf elementalists
  2 cacodemons (Abyss:4)
  2 very ugly things
  5 ghost moths (Spider:4)
  2 orc warlords
  3 war gargoyles
  3 ghouls (Swamp:1)
  19 ironbound preservers
  9 stone giants
  2 broodmothers
  8 ironbound thunderhulks
  5 deep elf demonologists
  2 eleionomae
  A white draconian (Abyss:4)
  6 dire elephants
  7 deep elf annihilators
  9 bunyips
  A lorocyproca (Abyss:4)
  2 spark wasps
  9 deep elf death magi
  A minotaur (Gauntlet)
  4 ettins
  A crystal guardian (Vaults:2)
  Josephine (D:11)
  6 deep elf high priests
  7 entropy weavers
  11 yaktaur captains
  A shambling mangrove (Swamp:4)
  39 vault guards
  A rakshasa (D:15)
  7 great orbs of eyes
  20 hydras
  Harold (Orc:1)
  A peacekeeper (Vaults:2)
  5 jorogumos
  A merfolk avatar (Lair:5)
  A catoblepas (Lair:5)
  A ghost crab (Swamp:1)
  8 boulder beetles
  11 ironbound frosthearts
  4 radroaches
  11 centaur warriors
  2 two-headed ogres
  An ogre mage (Vaults:5)
  7 alligators
  24 dancing weapons
  A spriggan skeleton (Abyss:4)
  18 death yaks
  2 hell hogs (Abyss:4)
  5 orc high priests
  5 thrashing horrors
  3 tengu warriors
  Urug (Lair:4)
  10 deep elf knights
  8 hell knights
  3 sun moths
  Lodul (D:14)
  4 skeletal warriors (D:14)
  4 goliath frogs
  2 pharaoh ants
  3 sixfirhies (Abyss:4)
  A shadow wraith (Abyss:4)
  3 wretched stars (Abyss:2)
  53 deep trolls
  3 sea snakes (Lair:5)
  4 spriggan druids
  A shadow demon (Abyss:4)
  An obsidian statue (Gauntlet)
  10 bog bodies
  11 wizards
  A glowing orange brain (Abyss:4)
  11 orb spiders
  8 swamp dragons
  25 ironbound convokers
  12 deep elf archers
  Pikel (D:9)
  A mana viper (Abyss:2)
  A harpy (Lair:5)
  A phantasmal warrior (Vaults:5)
  7 large abominations
  30 deep elf pyromancers
  3 starcursed masses
  3 steelbarb worms
  21 deep elf zephyrmancers
  6 orc knights
  2 necromancers
  12 lindwurms
  A shining eye (Abyss:2)
  21 wolf spiders
  7 spectral spriggans (Swamp:1)
  6 orc sorcerers
  3 cyclopes
  4 will-o-the-wisps
  2 worldbinders
  A salamander (shapeshifter) (Vaults:5)
  5 moths of wrath
  20 ugly things
  3 manticores
  14 elephants
  2 ice statues
  An apocalypse crab (Abyss:4)
  19 vault sentinels
  12 cane toads
  A demonic crawler (Spider:2)
  A guardian serpent (Abyss:4)
  An eye of devastation (Gauntlet)
  4 gargoyles
  4 black mambas
  An unseen horror (D:13)
  5 torpor snails
  An orange demon (Abyss:3)
  5 smoke demons
  A kobold demonologist (D:11)
  2 freezing wraiths
  8 komodo dragons
  5 rime drakes
  3 tengu conjurers
  3 efreet
  3 ancient zymes (Abyss:4)
  38 yaktaurs
  A bloated husk (Swamp:1)
  14 polar bears
  A queen bee (Spider:4)
  A tarantella (shapeshifter) (Elf:1)
  4 meliai
  A hornet (shapeshifter) (D:15)
  Grinder (D:3)
  12 hornets
  6 trolls
  23 tarantellas
  12 tyrant leeches
  7 raiju
  A harpy skeleton (Abyss:4)
  12 blink frogs
  A jumping spider (shapeshifter) (Abyss:2)
  3 flying skulls (Abyss:4)
  5 dream sheep (Lair:4)
  32 jumping spiders
  29 slime creatures
  A ynoxinul (Abyss:2)
  A centaur simulacrum (D:15)
  A dire elephant simulacrum (Abyss:2)
  3 shadows
  An air elemental (Elf:3)
  9 wyverns
  2 vampires
  A water elemental (Elf:1)
  8 wraiths
  36 culicivoras
  8 spriggans
  61 yaks
  18 humans (D:14)
  A basilisk (Lair:5)
  A human (shapeshifter) (Elf:2)
  Grum (D:9)
  3 fire elementals
  3 steam dragons
  A hog (shapeshifter) (Vaults:1)
  77 redbacks
  A neqoxec (Abyss:4)
  13 vampire mosquitoes
  Menkaure (D:6)
  7 wargs
  13 swamp worms
  13 water moccasins
  A floating eye (shapeshifter) (Vaults:5)
  A floating eye (Gauntlet)
  6 swamp drakes (Swamp:4)
  An ice beast (D:7)
  14 small abominations
  30 orc warriors
  5 sky beasts
  3 black bears
  15 ogres
  26 wolves
  2 boggarts (Gauntlet)
  17 centaurs
  A kobold brigand (D:10)
  2 phantoms
  6 bullfrogs
  2 gnoll sergeants
  2 earth elementals
  7 wights
  4 scorpions
  31 killer bees
  9 vampire bats (Bailey)
  4 electric eels
  7 wolf zombies (Bailey)
  5 howler monkeys
  A quasit (D:6)
  An iron imp (Abyss:2)
  6 jellies
  40 orc priests
  A gnoll bouda (D:5)
  Crazy Yiuf (D:3)
  5 hounds
  3 sleepcaps
  Natasha (thrice) (D:4)
  3 iguanas
  31 orc wizards
  7 hell rats (Lair:5)
  A spriggan simulacrum (D:11)
  2 troll simulacra (D:11)
  Robin (D:4)
  10 gnolls
  20 orc zombies (Bailey)
  9 adders
  5 shadow imps
  3 white imps (D:6)
  8 ufetubi
  2 worms (D:4)
  2 dart slugs
  66 orcs
  12 endoplasms
  3 giant cockroaches
  17 goblins
  11 hobgoblins
  15 jackals
  4 quokkas
  10 ball pythons
  9 bats
  8 kobolds
  7 rats
  14 briar patches (Swamp:4)
  A lurking horror (Abyss:2)
  A spectral weapon (Swamp:1)
  4 starspawn tentacles (Abyss:2)
1868 creatures vanquished.

Vanquished Creatures (collateral kills)
  A deep elf blademaster (Elf:2)
  A deep elf sorcerer (Abyss:4)
  A caustic shrike zombie (Abyss:4)
  2 emperor scorpions (Spider:4)
  An orc warlord (Orc:2)
  2 ironbound thunderhulks
  3 deep elf annihilators
  Nessos (D:13)
  A green death (Abyss:4)
  A vault guard (D:14)
  A rakshasa (Abyss:4)
  An ogre mage (Vaults:4)
  3 dancing weapons (Elf:2)
  A hell hog (Abyss:4)
  3 deep elf knights
  A thrashing horror (Abyss:4)
  A sun moth (Spider:4)
  A glowing orange brain (Abyss:4)
  An orc knight (Orc:2)
  2 deep elf archers (Elf:1)
  2 large abominations (Abyss:4)
  An orc sorcerer (Orc:2)
  A deep elf pyromancer (Elf:3)
  7 deep elf zephyrmancers
  A will-o-the-wisp (Abyss:4)
  A faun (shapeshifter) (Elf:1)
  A smoke demon (Abyss:4)
  A troll (Orc:2)
  A hornet (Spider:4)
  2 blink frogs (Abyss:4)
  4 raiju (Abyss:4)
  2 flying skulls (Abyss:4)
  A jumping spider (Spider:4)
  A ynoxinul (Abyss:4)
  3 starcursed masses (Abyss:4)
  A vampire mosquito (D:13)
  A warg (Orc:2)
  2 orc warriors (Orc:2)
  An orc priest (Orc:2)
63 creatures vanquished.

Vanquished Creatures (others)
  An alligator (Swamp:4)
  A wizard (Vaults:1)
  A deep elf pyromancer (Elf:2)
  2 deep elf zephyrmancers
  A tarantella (Spider:3)
  3 bloated husks
  A raiju (Abyss:2)
  A tyrant leech (Swamp:2)
  A wolf (shapeshifter) (Abyss:4)
  A small abomination (Abyss:2)
  A bush (Lair:4)
  2 demonic plants (D:6)
  16 foxfires
  35 fungi
  A lurking horror (Abyss:3)
  59 plants
  3 starspawn tentacles (Abyss:2)
  9 withered plants
139 creatures vanquished.

Grand Total: 2070 creatures vanquished

Notes
Turn   | Place    | Note
-------+----------+-------------------------------------------
     0 | D:1      | LLlMATKO the Minotaur Berserker began the quest for the
                  | Orb.
     0 | D:1      | Reached XP level 1. HP: 19/19 MP: 0/0
   161 | D:1      | Reached XP level 2. HP: 27/27 MP: 1/1
   344 | D:1      | Reached ** piety under Trog
   504 | D:1      | Reached XP level 3. HP: 33/33 MP: 2/2
   848 | D:2      | Found Ruom's Jewellery Shoppe.
  1153 | D:2      | Reached XP level 4. HP: 37/41 MP: 3/3
  1403 | D:3      | Reached *** piety under Trog
  1457 | D:3      | Found a runed translucent door.
  1459 | D:3      | Noticed diceflayer's ghost (amateur DsHu)
  1486 | D:3      | Found a runed translucent door.
  1487 | D:3      | Noticed Crazy Yiuf
  1590 | D:3      | Noticed Grinder
  1604 | D:3      | Killed Grinder
  1605 | D:3      | Reached skill level 5 in Fighting
  1605 | D:3      | Reached skill level 5 in Axes
  1605 | D:3      | Reached XP level 5. HP: 48/48 MP: 4/4
  1605 | D:3      | Reached XP level 6. HP: 56/56 MP: 5/5
  2293 | D:3      | Killed Crazy Yiuf
  2540 | D:4      | Found an ancient bone altar of Kikubaaqudgha.
  2600 | D:4      | Reached skill level 5 in Armour
  2600 | D:4      | Reached XP level 7. HP: 30/62 MP: 6/6
  2980 | D:4      | Reached skill level 5 in Dodging
  3011 | D:4      | Noticed Natasha
  3024 | D:4      | Killed Natasha
  3047 | D:4      | Identified the +1 robe of Lugonu's Scorn {Contam rN+ Dex+4}
  3147 | D:4      | Noticed Natasha
  3154 | D:4      | Killed Natasha
  3162 | D:4      | Noticed Natasha
  3164 | D:4      | Killed Natasha
  3271 | D:4      | Noticed Robin
  3275 | D:4      | Reached **** piety under Trog
  3283 | D:4      | Killed Robin
  3600 | D:5      | Entered Level 5 of the Dungeon
  3750 | D:5      | Reached XP level 8. HP: 52/71 MP: 7/7
  3945 | D:5      | Found a staircase to the Ecumenical Temple.
  3990 | D:5      | Found a white marble altar of Elyvilon.
  4025 | D:5      | Found a broken altar of Ashenzari.
  4090 | D:5      | Found Xikem's Self-Improvement Boutique.
  4421 | D:5      | Found Zyleg's Magic Scroll Shop.
  4444 | D:6      | Reached skill level 1 in Shields
  4751 | D:6      | Identified the +6 mace "Icaom" {elec, rPois}
  4760 | D:6      | Noticed Menkaure
  4768 | D:6      | Killed Menkaure
  4769 | D:6      | Reached skill level 2 in Shields
  4969 | D:6      | Reached XP level 9. HP: 74/81 MP: 8/8
  5284 | D:6      | Reached skill level 3 in Shields
  5312 | D:6      | Reached ***** piety under Trog
  6497 | D:7      | Identified the +0 robe "Hulemn" {Rampage MP+9}
  6576 | D:7      | Reached skill level 4 in Shields
  7322 | D:8      | Reached XP level 10. HP: 89/91 MP: 9/9
  7340 | D:8      | Reached skill level 5 in Shields
  8077 | D:9      | Identified 2 scrolls of acquirement
  8077 | D:9      | Acquired 1219 gold pieces
  8079 | D:9      | Acquired the +1 pair of gloves of Generosity {Dex+5}
  8209 | D:9      | Noticed Grum
  8217 | D:9      | Killed Grum
  8218 | D:9      | Found a flagged portal.
  8285 | Bailey   | Entered a bailey
  8473 | Bailey   | Received a gift from Trog
  8720 | Bailey   | Found the +3 crown of Dyrovepreva {rElec Int+2 SInv}
  8774 | Bailey   | Noticed a gargoyle
  8783 | Bailey   | Killed a gargoyle
  8784 | Bailey   | Reached skill level 6 in Shields
  8874 | Bailey   | Found the +0 mask of the Dragon {Will+ Slay+3 SInv}
  8895 | Bailey   | Identified the +0 robe "Ruydoges" {*Corrode MP+9 Int+3
                  | Dex+3}
  9133 | D:9      | Noticed Pikel
  9138 | D:9      | Killed Pikel
  9139 | D:9      | Reached skill level 10 in Fighting
  9163 | D:9      | Reached skill level 10 in Axes
  9317 | D:9      | Reached XP level 11. HP: 77/101 MP: 10/10
  9576 | D:9      | Noticed a two-headed ogre
  9583 | D:9      | Killed a two-headed ogre
  9584 | D:9      | Reached skill level 10 in Armour
  9584 | D:9      | Reached skill level 7 in Shields
  9730 | D:10     | Entered Level 10 of the Dungeon
  9919 | D:10     | Found an ornate altar of the Wu Jian Council.
 10030 | D:10     | Found a staircase to the Lair.
 10578 | D:10     | Reached skill level 8 in Shields
 10864 | D:11     | Found a frozen archway.
 10884 | IceCv    | Entered an ice cave
 10965 | IceCv    | Reached skill level 10 in Dodging
 11024 | IceCv    | Noticed a death yak
 11041 | IceCv    | Killed a death yak
 11215 | IceCv    | Reached XP level 12. HP: 94/110 MP: 11/11
 11301 | IceCv    | Reached skill level 9 in Shields
 11853 | IceCv    | Noticed an ironbound frostheart
 11853 | IceCv    | Noticed a death yak
 11853 | IceCv    | Noticed a death yak
 11853 | IceCv    | Noticed an ironbound frostheart
 11862 | IceCv    | Killed a death yak
 11871 | IceCv    | Received a gift from Trog
 11879 | IceCv    | Killed a death yak
 11892 | IceCv    | Killed an ironbound frostheart
 11898 | IceCv    | Killed an ironbound frostheart
 12883 | D:11     | Paralysed by a hornet for 1 turns
 12890 | D:11     | Reached skill level 10 in Shields
 12951 | D:11     | Noticed Josephine
 12956 | D:11     | Killed Josephine
 13020 | D:11     | Identified the amulet "Zinlecva" {Regen+ Int+3}
 13033 | D:11     | Identified the ring of Veiddeoh {rC++ Will- Dex+3 SInv}
 13211 | D:11     | Found a staircase to the Orcish Mines.
 13414 | Lair:1   | Entered Level 1 of the Lair of Beasts
 13499 | Lair:1   | Noticed a rakshasa
 13505 | Lair:1   | Noticed Termiter's ghost (journeyman DsNe)
 13631 | Lair:1   | Noticed a death yak
 13632 | Lair:1   | Noticed a death yak
 13633 | Lair:1   | Noticed a death yak
 13634 | Lair:1   | Noticed a death yak
 13649 | Lair:1   | Killed a death yak
 13655 | Lair:1   | Killed a death yak
 13656 | Lair:1   | Reached XP level 13. HP: 101/119 MP: 12/12
 13911 | Lair:1   | Found a transporter.
 13911 | Lair:1   | Found a one-way gate to the infinite horrors of the Abyss.
 13918 | Lair:1   | Found a transporter.
 14106 | Lair:1   | Reached ****** piety under Trog
 14583 | Lair:2   | Received a gift from Trog
 14611 | Lair:2   | Found a stormy altar of Qazlal.
 14694 | Lair:2   | Found a staircase to the Swamp.
 14706 | Lair:2   | Reached skill level 11 in Shields
 15003 | Lair:2   | Found a hole to the Spider Nest.
 15541 | Lair:3   | Reached skill level 1 in Evocations
 15551 | Lair:3   | You fall into a shaft and drop 2 floors!
 15551 | Lair:5   | Entered Level 5 of the Lair of Beasts
 15551 | Lair:5   | Found a shimmering altar of Xom.
 16285 | Lair:4   | Reached XP level 14. HP: 130/130 MP: 13/13
 16526 | Lair:4   | Received a gift from Trog
 16544 | Lair:4   | Reached skill level 12 in Shields
 16808 | Lair:4   | Noticed Urug
 16826 | Lair:4   | Killed Urug
 16904 | Lair:4   | Found a staircase to the Slime Pits.
 17906 | Lair:5   | Received a gift from Trog
 18656 | D:12     | Found Wukibec's Vocational Training.
 18664 | D:12     | Bought a manual of Evocations for 1120 gold pieces
 18880 | D:12     | Found a gate leading to a gauntlet.
 18889 | Gauntlet | Entered a Gauntlet
 18889 | Gauntlet | Found a transporter.
 18890 | Gauntlet | Found a large runed translucent door.
 18891 | Gauntlet | Found a large runed translucent door.
 18892 | Gauntlet | Found a large runed translucent door.
 18892 | Gauntlet | Found a large runed translucent door.
 18892 | Gauntlet | Found a runed translucent door.
 18893 | Gauntlet | Found a large runed translucent door.
 18894 | Gauntlet | Found a large runed translucent door.
 18895 | Gauntlet | Found a large runed translucent door.
 18895 | Gauntlet | Found a large runed translucent door.
 18896 | Gauntlet | Found a runed translucent gate.
 18896 | Gauntlet | Found a runed translucent gate.
 18898 | Gauntlet | Found a transporter.
 18906 | Gauntlet | Found a runed translucent gate.
 18906 | Gauntlet | Found a runed translucent door.
 18907 | Gauntlet | Found a large runed translucent door.
 18907 | Gauntlet | Found a large runed translucent door.
 18908 | Gauntlet | Found a large runed translucent door.
 18909 | Gauntlet | Found a large runed translucent door.
 18913 | Gauntlet | Found a transporter.
 18918 | Gauntlet | Found a transporter.
 18933 | Gauntlet | Found a transporter.
 18952 | Gauntlet | Found a transporter.
 18961 | Gauntlet | Found a transporter.
 18976 | Gauntlet | Found a transporter.
 18988 | Gauntlet | Found a transporter.
 19000 | Gauntlet | Found a transporter.
 19024 | Gauntlet | Found a transporter.
 19041 | Gauntlet | Found a transporter.
 19043 | Gauntlet | Found a transporter.
 19068 | Gauntlet | Found a transporter.
 19070 | Gauntlet | Found a transporter.
 19086 | Gauntlet | Found a large runed translucent door.
 19086 | Gauntlet | Found a large runed translucent door.
 19087 | Gauntlet | Found a large runed translucent door.
 19088 | Gauntlet | Found a large runed translucent door.
 19090 | Gauntlet | Found a transporter.
 19186 | Gauntlet | Found a transporter.
 19304 | Gauntlet | Reached skill level 5 in Evocations
 19307 | Gauntlet | Found a transporter.
 19514 | Gauntlet | Identified the ring of Atheism {AC+4 Str+2 Stlth+}
 19584 | Gauntlet | Identified the +2 broad axe of Balance {drain, rC++}
 19752 | D:12     | Found Woisoggo's Distillery.
 20028 | D:12     | Noticed Frances
 20042 | D:12     | Killed Frances
 20043 | D:12     | Reached skill level 13 in Shields
 20585 | D:5      | Bought a manual of Shields for 960 gold pieces
 20772 | D:13     | Reached XP level 15. HP: 139/139 MP: 14/14
 20921 | D:13     | Noticed Nessos
 20935 | D:13     | Killed Nessos
 21246 | D:13     | Found a bloodstained altar of Trog.
 21317 | D:13     | Reached skill level 15 in Fighting
 21317 | D:13     | Reached skill level 15 in Axes
 21732 | Orc:1    | Entered Level 1 of the Orcish Mines
 21758 | Orc:1    | Received a gift from Trog
 21982 | Orc:1    | Found Qiakhat's Antique Armour Shoppe.
 22188 | Orc:1    | Noticed Harold
 22196 | Orc:1    | Killed Harold
 22290 | Orc:2    | Entered Level 2 of the Orcish Mines
 22478 | Orc:2    | Reached skill level 15 in Armour
 22535 | Orc:2    | Found a staircase to the Elven Halls.
 22552 | Orc:2    | Found a radiant altar of Vehumet.
 22778 | Orc:2    | Found Joirph's Antique Armour Shop.
 22778 | Orc:2    | Found Inepsath's Antique Armour Boutique.
 22779 | Orc:2    | Found Sesul's Antique Armour Boutique.
 22786 | Orc:2    | Found Hodeitu's General Store.
 22911 | Orc:2    | Reached skill level 14 in Shields
 23335 | Orc:2    | Identified the +6 hand axe "Ythosh" {heavy, Str+3}
 23927 | D:14     | Received a gift from Trog
 24080 | D:14     | Noticed Lodul
 24093 | D:14     | Killed Lodul
 24444 | D:14     | Found a portal to a secret trove of treasure.
 24628 | D:14     | Reached skill level 15 in Shields
 24655 | D:14     | Found a gate to the Vaults.
 24812 | D:15     | Entered Level 15 of the Dungeon
 24965 | D:15     | Reached XP level 16. HP: 151/151 MP: 15/15
 25013 | D:15     | Identified the +1 cloak of Leycreorch {Regen+ Str+6}
 25461 | D:15     | Found a radiant altar of Vehumet.
 25562 | D:15     | Found a staircase to the Depths.
 25928 | Orc:1    | Bought a tower shield for 121 gold pieces
 26227 | Spider:1 | Entered Level 1 of the Spider Nest
 26549 | Spider:1 | Reached skill level 16 in Shields
 26803 | Swamp:1  | Entered Level 1 of the Swamp
 27125 | Spider:1 | Noticed Donald
 27135 | Spider:1 | Killed Donald
 27136 | Spider:1 | Reached skill level 15 in Dodging
 27307 | Spider:2 | Received a gift from Trog
 28000 | Spider:2 | Reached skill level 17 in Shields
 28407 | Spider:3 | Received a gift from Trog
 28421 | Spider:3 | Reached XP level 17. HP: 161/161 MP: 16/16
 28422 | Spider:3 | Reached skill level 18 in Shields
 28422 | Spider:3 | Reached XP level 18. HP: 169/169 MP: 17/17
 28680 | Spider:3 | Reached XP level 19. HP: 161/177 MP: 18/18
 29404 | Spider:4 | Entered Level 4 of the Spider Nest
 29669 | Spider:4 | Received a gift from Trog
 29726 | Spider:4 | Identified the +0 leather armour of Gesitor {Regen+}
 29847 | Spider:4 | Reached skill level 19 in Shields
 30312 | Spider:4 | Received a gift from Trog
 31031 | Spider:4 | Got a gossamer rune of Zot
 31729 | Elf:1    | Entered Level 1 of the Elven Halls
 32348 | Elf:1    | You fall into a shaft and drop 1 floor!
 32366 | Elf:2    | Reached skill level 20 in Shields
 32380 | Elf:2    | Received a gift from Trog
 32668 | Elf:2    | Found a runed translucent gate.
 32668 | Elf:2    | Found a runed translucent gate.
 32669 | Elf:2    | Found a runed translucent gate.
 32999 | Elf:2    | Found a flickering gateway to a bazaar.
 33008 | Bazaar   | Entered a bazaar
 33008 | Bazaar   | Found Ewkeplis's Distillery.
 33008 | Bazaar   | Found Feussanor's Assorted Antiques.
 33011 | Bazaar   | Found Tuzaesk's Jewellery Shop.
 33047 | Bazaar   | Found Niugaim's Antique Weapon Boutique.
 33053 | Bazaar   | Found Isuvvuraw's Assorted Antiques.
 33093 | Bazaar   | Bought an amulet of reflection for 420 gold pieces
 33318 | Elf:2    | Reached XP level 20. HP: 189/189 MP: 19/19
 33550 | Elf:1    | Received a gift from Trog
 34420 | Vaults:1 | Entered Level 1 of the Vaults
 35146 | Vaults:1 | You fall into a shaft and drop 1 floor!
 35202 | Vaults:2 | Received a gift from Trog
 35760 | Vaults:2 | Reached skill level 21 in Shields
 36284 | Vaults:1 | Received a gift from Trog
 36292 | Vaults:1 | Reached XP level 21. HP: 198/199 MP: 20/20
 36644 | Vaults:1 | Found Benaz's Assorted Antiques.
 37252 | Vaults:2 | Identified the +0 dagger "Dragonslayer" {flame, Dex+5}
 37561 | Vaults:3 | Received a gift from Trog
 37750 | Vaults:3 | Found a staircase to the Crypt.
 37750 | Vaults:3 | Found an ancient bone altar of Kikubaaqudgha.
 37750 | Vaults:3 | Found a basalt altar of Yredelemnul.
 37904 | Vaults:3 | Found Fipretal's General Store.
 38790 | Vaults:3 | Received a gift from Trog
 38920 | Vaults:3 | Identified the +7 quarterstaff of Discord {elec, Str+2}
 39433 | Vaults:4 | Noticed Margery
 39446 | Vaults:4 | Killed Margery
 39450 | Vaults:4 | Reached skill level 22 in Shields
 39535 | Vaults:4 | Noticed Mara
 39542 | Vaults:4 | Noticed LLlMATKO's illusion
 39803 | Vaults:4 | Received a gift from Trog
 40023 | Vaults:4 | Found Symaubo's Distillery.
 40475 | Vaults:4 | Killed Mara
 40476 | Vaults:4 | Reached XP level 22. HP: 117/211 MP: 11/21
 40994 | Vaults:4 | Found Symaubo's Distillery.
 41542 | Elf:3    | Entered Level 3 of the Elven Halls
 41942 | Elf:3    | Found Fioczimu's Distillery.
 41996 | Abyss:2  | Cast into level 2 of the Abyss (a deep elf sorcerer)
 42056 | Abyss:2  | Received a gift from Trog
 42283 | Abyss:2  | Gained mutation: Your magical capacity is low. (-10% MP) [a
                  | shining eye]
 42290 | Elf:3    | Escaped the Abyss
 42953 | Abyss:3  | Cast into level 3 of the Abyss (a deep elf demonologist)
 43007 | Abyss:3  | Found a basalt altar of Yredelemnul.
 43496 | Abyss:4  | Received a gift from Trog
 43516 | Abyss:4  | Gained mutation: You have hidden genetic defects. [a
                  | cacodemon]
 43574 | Elf:3    | Escaped the Abyss
 43857 | Abyss:4  | Cast into level 4 of the Abyss (a deep elf sorcerer)
 44033 | Abyss:4  | Gained mutation: You are vulnerable to heat. (rF-) [a
                  | cacodemon]
 44126 | Abyss:4  | Gained mutation: Your body sometimes deteriorates upon
                  | taking damage. [hidden defects]
 44137 | Elf:3    | Escaped the Abyss
 44297 | Elf:3    | Paralysed by an air elemental for 1 turns
 44307 | Elf:3    | Paralysed by an air elemental for 1 turns
 44309 | Elf:3    | Paralysed by an air elemental for 1 turns
 44372 | Elf:3    | Identified the +7 falchion of Karma {freeze, rPois rN+
                  | Str+3}
 44372 | Elf:3    | Identified the ring "Noacwaot" {Int+3 SInv}
 44414 | Elf:3    | Reached skill level 23 in Shields
 44870 | Elf:3    | Identified the amulet "Nituligadgh" {Reflect Rampage rCorr
                  | Str-2 SH+5 Stlth+}
 45141 | Elf:3    | Found the +8 storm bow {elec, penet}
 45161 | Elf:3    | Identified the +1 whip of Lies {venom, Dex+4}
 45352 | Elf:3    | Found Fioczimu's Distillery.
 46155 | Swamp:1  | Gained mutation: You are clumsy. (Dex -2) [hidden defects]
 46155 | Swamp:1  | Lost mutation: You have hidden genetic defects. [hidden
                  | defects expressed]
 46390 | Swamp:1  | Reached XP level 23. HP: 220/222 MP: 19/19
 46557 | Swamp:1  | Found the +5 scythe "Finisher" {speed, execute}
 47936 | Swamp:3  | Noticed Aizul
 47947 | Swamp:3  | Killed Aizul
 48663 | Swamp:4  | Entered Level 4 of the Swamp
 48669 | Swamp:4  | Acquired 523 gold pieces
 48671 | Swamp:4  | Acquired the +0 pair of gloves "Ziodah" {-Cast rPois rN++
                  | Slay+2}
 49144 | Swamp:4  | Got a decaying rune of Zot
 50043 | Vaults:5 | Entered Level 5 of the Vaults
 50058 | Vaults:5 | Received a gift from Trog
 50360 | Vaults:5 | Reached skill level 10 in Evocations
 50550 | Vaults:5 | Identified the +0 war axe "Tosijo" {antimagic, *Noise rC+
                  | Will+}
 50822 | Vaults:5 | Reached skill level 24 in Shields
 50823 | Vaults:5 | Received a gift from Trog
 51015 | Vaults:5 | Reached XP level 24. HP: 218/233 MP: 19/19
 51421 | Vaults:5 | Identified the amulet "Wurohaig" {Reflect rElec rPois Str+6
                  | Dex-3 SH+5 SInv}
 51428 | Vaults:5 | HP: 16/349 [vault warden/+1 great sword (17)]
 51431 | Vaults:5 | Mangled by a vault warden

Illustrated notes

Levels and vault maps discovered:
D:1:      matt_arrival_spirals, layout_loops_ring
D:2:      layout_rooms, serial_shops, shop
D:3:      layout_loops_corners, gammafunk_ghost_grave, roderic_lattice_a,
          uniq_crazy_yiuf_cottage, uniq_grinder
D:4:      layout_basic, kiku_gazebo_garden_becter, uniq_natasha, uniq_robin
D:5:      layout_basic, mainiacjoe_overflow_catch_the_wave,
          minmay_temple_entry_butterflies, serial_shops, shop,
          nicolae_shop_self_help
D:6:      layout_basic, serial_demonic, serial_demonic_a, serial_demonic_a,
          serial_demonic_b, serial_demonic_f, minmay_quadrilaterals,
          uniq_menkaure
D:7:      layout_layer_cave
D:8:      layout_layer_cave
D:9:      layout_long_grid, enter_bailey_3, uniq_pikel, uniq_grum
D:10:     layout_long_grid, nicolae_wu_jian_wuxing_cycle, lair_entry_dummy,
          minmay_fractal_squares_gapless_5
D:11:     layout_long_grid, david_orc_5, portal_ice_cave_entry_ice_simulacra,
          uniq_josephine
D:12:     layout_grid_maze, serial_shops, nicolae_shop_behind_doors,
          gauntlet_entry_generic, nicolae_shop_vocational, uniq_frances
D:13:     layout_loops_corners, minivault_16, bloody_trog, uniq_nessos
D:14:     layout_roguey, grunt_vaults_entry_tiered,
          nicolae_trove_entry_isolated, abandoned_shop, minmay_crystal_room,
          uniq_lodul
D:15:     hangedman_depths_entry_civil_slaughter, layout_loops_corners,
          nicolae_vehumet_radiance
Lair:1:   layout_cave_pods, gammafunk_ghost_abyssal_escape,
          guppyfry_lair_drakes, infiniplex_staircase_pool_2
Lair:2:   layout_chaotic_city, minmay_swamp_entry_wisps,
          hellmonk_spider_entry_not_the_bees, basic_altar, minivault_19,
          infiniplex_staircase_pool
Lair:3:   layout_loops_ring
Lair:4:   layout_cave_pods, nicolae_slime_entry_field_trip,
          nicolae_lair_grazing_beasts [nicolae_sub_lair_graze_edge,
          nicolae_sub_lair_graze_edge, nicolae_sub_lair_graze_edge,
          nicolae_sub_lair_graze_edge], grunt_megastairs_1, uniq_urug
Lair:5:   gammafunk_lair_ancient_temple, layout_hall_layers, basic_altar,
          serial_bayou_shore_b, lemuel_fruit_tree
Swamp:1:  nicolae_swamp_flooded_prison, layout_basic_swamp,
          evilmike_swamp_ruin_house_5, swamp_pool4
Swamp:2:  layout_basic_swamp, hangedman_swamp_ruin_hall, swamp_pool1,
          nicolae_swamp_stair_fork
Swamp:3:  layout_basic_swamp, hangedman_swamp_diagram, uniq_aizul
Swamp:4:  swamp_alternative, layout_basic_swamp
Spider:1: layout_cave_pods, uniq_donald
Spider:2: layout_spider_delve
Spider:3: nicolae_spider_obnoxious_hallway, hangedman_spider_tarantella_strand
Spider:4: spider_rune_water, special_room [special_room_bee]
Orc:1:    layout_diamond_mine, serial_shops, nicolae_shop_overgrown_old_shop,
          hellmonk_bongcloud_opening, uniq_harold
Orc:2:    st_orc_mages, layout_caves, basic_altar, minmay_orc_treasury
Elf:1:    elf_arrival_002, layout_gridlike, kennysheep_underground_church,
          hangedman_corner_corridor
Elf:2:    elven_hall_of_blades_hangedman_original [nooodl_blade_entry_preview],
          layout_geoelf_octagon, serial_shops, bzr_in_the_mist
Elf:3:    elf_hall, layout_gridlike, serial_shops, shop,
          minmay_elf_annihilation, grunt_megastairs_4
Vaults:1: nicolae_vaults_storage_closets_1, v_pattern_2,
          vaults_room_stairs_pillars, v_misc_12,
          nicolae_vaults_yaktaur_gun_rack, nicolae_vaults_alarming,
          nicolae_vaults_whirlpool_walls, nicolae_vaults_apartment_2,
          vaults_room_grunt_arrival_ludios, nicolae_vaults_tetromino_Z_2,
          layout_vaults_quadrants, serial_shops, nicolae_shop_back_alley_shop
Vaults:2: grunt_vaults_trifunnel, v_misc_14, v_misc_2,
          nicolae_vaults_three_branches, v_misc_17,
          nicolae_vaults_little_squares_2, vaults_room_door_hall, v_pattern_1,
          nicolae_vaults_diamond_2, layout_vaults_big_cross
Vaults:3: nicolae_vaults_cornered_office, vaults_standard_mumra_lines,
          vaults_room_grunt_arrival_checkpoint, hangedman_vaults_slice,
          nicolae_vaults_little_squares_6, ontoclasm_vaults_chip,
          nicolae_vaults_weapon_check, nicolae_vaults_back_hallway,
          vaults_room_grid, minmay_crypt_entry_necro_gods,
          nicolae_vaults_tetromino_Z_1, ontoclasm_vaults_ring_square,
          nicolae_vaults_trapezoid_1, nicolae_vaults_off_center_swirl,
          ontoclasm_vaults_gateway, layout_vaults_omnibox, serial_shops,
          shop_statue
Vaults:4: nicolae_vaults_octothorpe, nicolae_vaults_trapezoid_lopsided_2,
          v_misc_30, vaults_room_semicircle, v_misc_8,
          nicolae_vaults_sightless_eye, grunt_vaults_focal,
          vaults_mumra_minichess_inversion, v_misc_29,
          ontoclasm_vaults_decontamination, vaults_dpeg_diagonal,
          nicolae_vaults_trapezoid_lopsided_3, layout_vaults_big_room,
          serial_shops, nicolae_shop_tiny_glass, uniq_margery, uniq_mara
Vaults:5

Skill      XL: |  1  2  3  4  5  6  7  8  9 10 11 12 13 14 15 16 17 18 19 20 21 22 23 |
---------------+----------------------------------------------------------------------+-----
Axes           | 4 5 6 7 9 10 11 12 13 14 15 17 18 19 20 21 22 | 22.8
Fighting       | 4 5 6 7 9 10 11 12 13 14 15 17 18 19 20 21 22 | 22.7
Armour         | 3 4 5 7 8 9 11 12 13 14 15 16 18 19 20 21 22 | 22.6
Dodging        | 3 4 5 6 7 9 10 11 12 13 14 15 16 17 18 19 20 21 | 21.2
Shields        | 2 4 6 8 10 11 13 15 17 18 20 21 22 23 24 | 24.1
Evocations     | 2 5 7 8 9 10 | 10.0

Action                     |  1- 3 |  4- 6 |  7- 9 | 10-12 | 13-15 | 16-18 | 19-21 | 22-24 || total
---------------------------+-------+-------+-------+-------+-------+-------+-------+-------++-------
  Melee: Hand axe          |    93 |    78 |   136 |   119 |  1101 |   373 |  1289 |  1116 ||  4305
         Headbutt          |    13 |    12 |    56 |   107 |   312 |    91 |   371 |   357 ||  1319
         Punch             |     1 |     2 |     5 |       |       |       |       |       ||     8
         Broad axe         |       |       |   135 |   390 |       |       |       |       ||   525
  Throw: Dart              |       |       |       |       |     2 |     4 |    16 |    10 ||    32
 Invoke: Berserk           |       |     2 |     6 |     5 |    17 |     4 |    19 |    10 ||    63
         Trog's Hand       |       |       |       |     1 |     6 |       |    11 |    14 ||    32
         Brothers in Arms  |       |       |       |       |     5 |       |     6 |    10 ||    21
    Use: Scroll            |       |       |       |    16 |     5 |    11 |     2 |     4 ||    38
         Potion            |       |       |       |       |       |     3 |       |       ||     3
   Stab: Distracted        |       |       |       |       |     2 |       |       |     2 ||     4
 Armour: Animal skin       |     4 |       |       |       |       |       |       |       ||     4
         Ring mail         |    11 |       |       |       |       |       |       |       ||    11
         Chain mail        |    18 |    44 |   196 |     4 |       |       |       |       ||   262
         Plate armour      |       |       |       |   269 |   322 |   183 |   358 |   361 ||  1493
  Dodge: Dodged            |    54 |    25 |   155 |   311 |   405 |   269 |   549 |   430 ||  2198
  Block: Buckler           |       |       |     7 |   185 |   353 |    25 |       |       ||   570
         Kite shield       |       |       |       |       |       |   187 |  1281 |  1078 ||  2546
         Tower shield      |       |       |       |       |       |   144 |       |       ||   144
         Reflection        |       |       |       |       |       |       |   133 |    42 ||   175
